 Dungeon Crawl Stone Soup version 0.21.1-1-g345015f (webtiles) character file.

76 robbits the Charmwright (level 4, 0/38 HPs)
             Began as a Gnoll Skald on May 20, 2018.
             Was a Follower of Okawaru.
             Slain by Sigmund
             ... wielding a +0 scythe
              (7 damage)
             ... on level 2 of the Dungeon.
             The game lasted 00:03:08 (1350 turns).

robbits the Charmwright (Gnoll Skald)               Turns: 1350, Time: 00:03:08

Health: 0/38       AC:  3    Str: 14    XL:     4   Next: 32%
Magic:  0/11       EV: 14    Int: 16    God:    Okawaru [*.....]
Gold:   85         SH:  0    Dex: 14    Spells: 2/13 levels left

rFire    . . .     SeeInvis .   i - +0 mace
rCold    . . .     Gourm    .   (no shield)
rNeg     . . .     Faith    .   b - +0 leather armour
rPois    +         Spirit   .   (no helmet)
rElec    .         Reflect  .   (no cloak)
rCorr    .         Harm     .   (no gloves)
MR       .....                  (no boots)
Stlth    +.........             (no amulet)
HPRegen  0.12/turn              h - ring of poison resistance
MPRegen  0.12/turn              (no ring)

@: confused, infused, singing, very slightly contaminated
A: distributed training, fangs 1, strong nose
a: Heroism, Renounce Religion


You were on level 2 of the Dungeon.
You worshipped Okawaru.
Okawaru was aware of your devotion.
You were hungry.

You visited 1 branch of the dungeon, and saw 2 of its levels.

You collected 85 gold pieces.

Inventory:

Hand Weapons
 a - a +0 hand axe
 i - a +0 mace (weapon)
Armour
 b - a +0 leather armour (worn)
Jewellery
 h - a ring of poison resistance (left hand)
Scrolls
 e - a scroll of enchant armour {unknown}
 f - a scroll of blinking {unknown}
 g - 2 scrolls of teleportation
 j - a scroll of remove curse {unknown}
 l - a scroll of amnesia {unknown}
Potions
 k - a potion of might {unknown}
 m - 2 potions of curing {unknown}
 n - a potion of haste {unknown}
Books
 c - a book of Battle

   Spells                             Type                      Level
   a - Infusion                       Charms                       1
   b - Shroud of Golubria             Charms/Translocation         2
   c - Song of Slaying                Charms                       2
   d - Spectral Weapon                Hexes/Charms                 3
   e - Regeneration                   Charms/Necromancy            3
Comestibles
 d - a ration


   Skills:
 + Level 4.6 Fighting
 + Level 1.1 Short Blades
 + Level 1.1 Long Blades
 + Level 4.6 Axes
 + Level 1.1 Maces & Flails
 + Level 1.1 Polearms
 + Level 1.1 Staves
 + Level 1.1 Slings
 + Level 1.1 Bows
 + Level 1.1 Crossbows
 + Level 1.1 Throwing
 + Level 2.7 Armour
 + Level 4.6 Dodging
 + Level 1.1 Stealth
 + Level 1.1 Shields
 + Level 1.1 Unarmed Combat
 + Level 5.0 Spellcasting
 + Level 0.8 Conjurations
 + Level 0.8 Hexes
 + Level 5.4 Charms
 + Level 0.8 Summonings
 + Level 0.8 Necromancy
 + Level 0.8 Translocations
 + Level 0.8 Transmutations
 + Level 0.8 Fire Magic
 + Level 0.8 Ice Magic
 + Level 0.8 Air Magic
 + Level 0.8 Earth Magic
 + Level 0.8 Poison Magic
 + Level 1.2 Invocations
 + Level 1.1 Evocations


You had 2 spell levels left.
You knew the following spells:

 Your Spells              Type           Power        Failure   Level  Hunger
a - Infusion              Chrm           ###.         1%          1    None
b - Song of Slaying       Chrm           ###.....     3%          2    #......
c - Shroud of Golubria    Chrm/Tloc      ##........   8%          2    #......
d - Regeneration          Chrm/Necr      ##........   16%         3    ###....
e - Spectral Weapon       Hex/Chrm       ##......     16%         3    ###....


Dungeon Overview and Level Annotations

Branches:
Dungeon (2/15)

Altars:
Okawaru

Annotations:
D:2 Sigmund, Terence


Innate Abilities, Weirdness & Mutations

Your experience applies equally to all skills.
You have very sharp teeth.
Your uncanny sense of smell can sniff out nearby items.


Message History

Something barely misses you.
You closely miss the quokka.
The quokka is almost dead.
The goblin hits you. The quokka barely misses you.
Terence hits you with an enchanted mace!
You hit the quokka!
You kill the quokka!
Okawaru accepts your kill. Something hits you!
* * * LOW HITPOINT WARNING * * *
The goblin hits you.
* * * LOW HITPOINT WARNING * * *
Terence barely misses you.
The kobold throws a stone.
The stone misses you. The goblin hits you but does no damage.
Your skin stops crawling.
You hear some strange, mumbled words.
You are confused.
Terence hits you but does no damage.
You bump into the rock wall.
Something hits you!
You die...

#.≈≈≈..≈≈≈..≈.#
#≈≈....≈......#
##.##.....#####
#. #.#..# #
#g#..## #... #
#..# ##. #..#
...g #@@#
.....##g(#
......{.K#
.........#
.....#.###
######. #. #.
#.


You could see Terence, a goblin and a kobold.

Vanquished Creatures
  3 gnolls (D:2)
  An adder (D:2)
  An ooze (D:2)
  A worm (D:2)
  A leopard gecko (D:2)
  3 bats (D:1)
  2 giant cockroaches
  3 goblins
  5 hobgoblins
  A kobold (D:1)
  2 quokkas (D:2)
  A frilled lizard (D:1)
  7 rats
31 creatures vanquished.

Notes
Turn   | Place    | Note
-------+----------+-------------------------------------------
     0 | D:1      | robbits the Gnoll Skald began the quest for the Orb.
     0 | D:1      | Reached XP level 1. HP: 20/20 MP: 6/6
    89 | D:1      | Reached XP level 2. HP: 23/26 MP: 7/7
   660 | D:2      | Reached skill level 5 in Spellcasting
   660 | D:2      | Reached XP level 3. HP: 7/31 MP: 5/9
   664 | D:2      | Learned a level 2 spell: Song of Slaying
   667 | D:2      | Learned a level 2 spell: Shroud of Golubria
   671 | D:2      | Learned a level 3 spell: Regeneration
   675 | D:2      | Learned a level 3 spell: Spectral Weapon
   917 | D:2      | Reached skill level 1 in Invocations
   927 | D:2      | HP: 1/31 [gnoll (6)]
   937 | D:2      | Reached skill level 1 in Short Blades
   937 | D:2      | Reached skill level 1 in Long Blades
   937 | D:2      | Reached skill level 1 in Maces & Flails
   937 | D:2      | Reached skill level 1 in Polearms
   937 | D:2      | Reached skill level 1 in Staves
   937 | D:2      | Reached skill level 1 in Slings
   937 | D:2      | Reached skill level 1 in Bows
   937 | D:2      | Reached skill level 1 in Crossbows
   937 | D:2      | Reached skill level 1 in Throwing
   937 | D:2      | Reached skill level 1 in Stealth
   937 | D:2      | Reached skill level 1 in Shields
   937 | D:2      | Reached skill level 1 in Unarmed Combat
   937 | D:2      | Reached skill level 1 in Evocations
  1065 | D:2      | Reached XP level 4. HP: 18/38 MP: 11/11
  1291 | D:2      | Found a faded altar of an unknown god.
  1302 | D:2      | Noticed Terence
  1318 | D:2      | Became a worshipper of Warmaster Okawaru
  1318 | D:2      | Reached * piety under Okawaru
  1336 | D:2      | Noticed Sigmund
  1350 | D:2      | Slain by Sigmund

Skill      XL: |  1  2  3 |
---------------+----------+-----
Spellcasting   | 5 |  5.0
Invocations    | 1 |  1.2
Short Blades   | 1 |  1.1
Long Blades    | 1 |  1.1
Maces & Flails | 1 |  1.1
Polearms       | 1 |  1.1
Staves         | 1 |  1.1
Slings         | 1 |  1.1
Bows           | 1 |  1.1
Crossbows      | 1 |  1.1
Throwing       | 1 |  1.1
Stealth        | 1 |  1.1
Shields        | 1 |  1.1
Unarmed Combat | 1 |  1.1
Evocations     | 1 |  1.1
Fighting       | |  4.6
Axes           | |  4.6
Armour         | |  2.7
Dodging        | |  4.6
Conjurations   | |  0.8
Hexes          | |  0.8
Charms         | |  5.4
Summonings     | |  0.8
Necromancy     | |  0.8
Translocations | |  0.8
Transmutations | |  0.8
Fire Magic     | |  0.8
Ice Magic      | |  0.8
Air Magic      | |  0.8
Earth Magic    | |  0.8
Poison Magic   | |  0.8

Action                   |  1- 3 |  4- 6 || total
-------------------------+-------+-------++-------
Melee: Hand axe          |    32 |       ||    32
       Bite              |    10 |     3 ||    13
       Mace              |    56 |    24 ||    80
 Cast: Infusion          |     2 |     2 ||     4
       Shroud of Golubri |     2 |     1 ||     3
       Regeneration      |       |     2 ||     2
       Song of Slaying   |       |     1 ||     1
  Use: Scroll            |       |     1 ||     1
 Stab: Sleeping          |     1 |     2 ||     3
  Eat: Chunk             |     1 |       ||     1
Armor: Leather armour    |    18 |     8 ||    26
Dodge: Dodged            |    58 |    24 ||    82
